 Dungeon Crawl Stone Soup version 0.24.1-14-gf8d2b509d9 (webtiles) character file.

Game seed: 15993137817308228524, levelgen mode: deterministic

19901 tmcgee265 the Nimble (level 13, 0/82 HPs)
             Began as a Kobold Enchanter on Dec 10, 2023.
             Was a Believer of Ashenzari.
             Succumbed to a queen ant's poison
             ... on level 12 of the Dungeon.
             The game lasted 01:38:57 (19988 turns).

tmcgee265 the Nimble (Kobold Enchanter)            Turns: 19988, Time: 01:38:58

Health: 0/82       AC:  3    Str:  5    XL:     13   Next: 8%
Magic:  24/25      EV: 26    Int: 29    God:    Ashenzari [**....]
Gold:   624        SH:  0    Dex: 15    Spells: 12/28 levels left

rFire    . . .     SeeInvis .   r - +2 dagger (drain)
rCold    . . .     Gourm    .   (shield restricted)
rNeg     + . .     Faith    .   a - +1 robe "Fixyunad" {rN+ MR+ Int+3} (curse)
rPois    .         Spirit   +   (no helmet)
rElec    .         Reflect  .   (no cloak)
rCorr    .         Harm     .   (no gloves)
MR       +....                  (no boots)
Stlth    ++++......             f - amulet of guardian spirit
HPRegen  0.23/turn              i - +3 ring of evasion
MPRegen  0.19/turn              l - +4 ring of intelligence

@: lethally poisoned (0 -> -16), berserk cooldown, slowed, very slow
A: small, carnivore
a: Curse Item, Scrying, Renounce Religion


You were on level 12 of the Dungeon.
You worshipped Ashenzari.
Ashenzari was pleased with you.
You were not hungry.

You visited 2 branches of the dungeon, and saw 13 of its levels.

You collected 624 gold pieces.

Inventory:

Hand Weapons
 r - a +2 dagger of draining (weapon)
 D - a +1 dagger of speed
Missiles
 k - 3 curare-tipped darts
 p - 10 poisoned darts (quivered)
Armour
 a - the cursed +1 robe "Fixyunad" (worn) {rN+ MR+ Int+3}
   (You found it on level 6 of the Dungeon)

   It affects your intelligence (+3).
   It protects you from negative energy.
   It affects your resistance to hostile enchantments.
   It has a curse placed upon it.
 y - a +0 leather armour of fire resistance
Jewellery
 f - an amulet of guardian spirit (around neck)
 i - a +3 ring of evasion (left hand)
 l - a +4 ring of intelligence (right hand)
 s - an uncursed ring of resist corrosion
Wands
 b - a wand of acid (10)
 A - a wand of paralysis (5)
Scrolls
 c - a scroll of vulnerability {unknown}
 g - a scroll of fog {unknown}
 h - a scroll of identify
 n - a scroll of holy word {unknown}
 u - a scroll of enchant armour
 v - a scroll of magic mapping {unknown}
 w - 3 scrolls of remove curse
 B - a scroll of fear {unknown}
 C - a scroll of brand weapon {unknown}
Potions
 e - a potion of might {unknown}
 j - a potion of brilliance
 o - a potion of magic
 t - 2 potions of flight
 x - a potion of berserk rage
 z - 2 potions of mutation {unknown}
Comestibles
 d - 31 rations


   Skills:
 + Level 10.3 Fighting
 - Level 10.0 Short Blades
 + Level 11.3 Dodging
 + Level 8.9 Stealth
 - Level 8.3 Spellcasting
 + Level 2.4 Conjurations
 - Level 8.0 Hexes
 - Level 6.0 Ice Magic
 + Level 2.4 Earth Magic


You had 12 spell levels left.
You knew the following spells:

 Your Spells              Type           Power        Failure   Level  Hunger
a - Corona                Hex            ######.      1%          1    None
b - Ensorcelled Hibernat  Hex/Ice        ######       1%          2    None
c - Confuse               Hex            ######..     1%          3    None
d - Tukima's Dance        Hex            ######..     1%          3    None
e - Dazzling Spray        Conj/Hex       #####.       1%          3    None
f - Leda's Liquefaction   Hex/Erth       #####.....   5%          4    #......

Your spell library contained the following spells:

 Spells                   Type           Power        Failure   Level  Hunger
 Bolt of Magma            Conj/Fire/Erth ###.......   54%         5    ####...
 Iron Shot                Conj/Erth      ####......   94%         6    ######.
 Statue Form              Tmut/Erth      ###......    99%         6    ######.
 Shatter                  Erth           ####......   100%        9    #######


Dungeon Overview and Level Annotations

Branches:
Dungeon (12/15)            Temple (1/1) D:7            Lair (0/6) D:8
    Orc (0/2) D:10

Altars:
Ashenzari
Cheibriados
Dithmenos
Elyvilon
Fedhas
Gozag
Hepliaklqana
Kikubaaqudgha
Makhleb
Nemelex Xobeh
Okawaru
Qazlal
Ru
Sif Muna
Trog
Uskayaw
Vehumet
Wu Jian
Xom
Yredelemnul
Zin
The Shining One

Annotations:
D:4 1 runed translucent door, Crazy Yiuf


Innate Abilities, Weirdness & Mutations

You are small and have problems with some larger weapons.
You are carnivorous and can eat meat at any time.


Message History

You kill the worker ant!
* * * LOW HITPOINT WARNING * * *
You feel sick.
You close the door.
* * * LOW HITPOINT WARNING * * *
You feel sick.
Okay, then.
A red film seems to cover your vision as you go berserk!
You feel yourself moving faster!
You feel mighty!
* * * LOW HITPOINT WARNING * * *
You feel sick.
You feel a strong urge to attack something.
* * * LOW HITPOINT WARNING * * *
You feel sick.
* * * LOW HITPOINT WARNING * * *
You feel sick.
You feel your anger nearly subside.
You are no longer berserk.
You are exhausted.
You feel yourself slow down.
You die...

*, ..# ,#., a ,*
#.####. #.... .a,*
....##..#....*
...,*#....#..#....
...##.., '..#....* ,#
, #...#####'#... *,.#
, ##.........####..# *
#...(......+.....#
##.##..........#@....#
....../........#.....#
..#..#.........#.....#
, #..#.......a.#######
,,#..#.........# .
#..######....# ..###
#...'....#
#.....#...#....#
#.....##'##....#


There were no monsters in sight!

Vanquished Creatures
  2 entropy weavers (D:12)
  A hydra (D:11)
  2 two-headed ogres (D:10)
  Nergalle (D:10)
  An unseen horror (D:10)
  Pikel (D:5)
  A cyclops (D:11)
  2 ugly things
  Joseph (D:8)
  A gargoyle (D:11)
  A troll (D:8)
  A hornet (D:12)
  Grinder (D:6)
  2 hippogriffs
  A spriggan (D:11)
  A vampire (D:10)
  22 yaks
  Eustachio (D:6)
  Grum (D:8)
  A hungry ghost (D:7)
  Edmund (D:4)
  16 soldier ants (D:12)
  2 water moccasins
  7 orc warriors
  2 ice beasts
  9 ogres
  A phantom (D:8)
  2 slaves
  2 sky beasts
  A necrophage (D:11)
  3 centaurs
  2 wolves (D:8)
  2 big kobolds
  A gnoll sergeant (D:10)
  5 bullfrogs
  A wyvern skeleton (D:11)
  12 killer bees
  2 howler monkeys (D:10)
  2 centaur zombies
  3 crimson imps
  2 bullfrog zombies
  5 jellies
  9 hounds
  3 bullfrog skeletons
  A gnoll shaman (D:7)
  6 orc priests
  A centaur skeleton (D:10)
  13 orc wizards
  3 iguanas
  16 worker ants
  A killer bee zombie (D:10)
  A hound zombie (D:11)
  A hound skeleton (D:8)
  7 gnolls
  3 howler monkey zombies
  4 worker ant zombies
  2 howler monkey skeletons
  13 adders
  3 shadow imps
  3 oozes
  An adder zombie (D:8)
  3 adder skeletons
  A worm (D:4)
  A dart slug (D:3)
  4 leopard geckos
  44 orcs
  A ball python (D:7)
  A giant cockroach (D:1)
  5 goblins
  7 hobgoblins
  13 jackals
  26 kobolds
  3 quokkas
  9 bats
  A frilled lizard (D:3)
  A leopard gecko skeleton (D:4)
  A quokka skeleton (D:9)
  5 rats
  2 plants (D:1)
347 creatures vanquished.

Vanquished Creatures (others)
  An ogre (D:5)
  An orc wizard (D:5)
  An adder zombie (D:5)
  A leopard gecko zombie (D:5)
  7 plants
11 creatures vanquished.

Grand Total: 358 creatures vanquished

Notes
Turn   | Place    | Note
-------+----------+-------------------------------------------
     0 | D:1      | tmcgee265 the Kobold Enchanter began the quest for the Orb.
     0 | D:1      | Reached XP level 1. HP: 10/10 MP: 3/3
   289 | D:1      | Reached XP level 2. HP: 16/16 MP: 5/5
  1641 | D:1      | Learned a level 2 spell: Ensorcelled Hibernation
  1831 | D:2      | Found a blossoming altar of Fedhas.
  1901 | D:2      | Found a sacrificial altar of Ru.
  1944 | D:2      | Reached skill level 1 in Fighting
  1944 | D:2      | Reached skill level 3 in Dodging
  1944 | D:2      | Reached XP level 3. HP: 7/20 MP: 0/6
  1952 | D:2      | Reached XP level 4. HP: 8/25 MP: 0/7
  3109 | D:2      | Found a glowing silver altar of Zin.
  3368 | D:3      | Reached XP level 5. HP: 25/30 MP: 4/9
  5134 | D:4      | Found an iron altar of Okawaru.
  5268 | D:4      | Noticed a centaur
  5270 | D:4      | Noticed a centaur
  5388 | D:4      | Killed a centaur
  5388 | D:4      | Reached XP level 6. HP: 21/36 MP: 3/11
  5413 | D:4      | Noticed Edmund
  5433 | D:4      | Reached skill level 4 in Dodging
  5715 | D:4      | Found a runed translucent door.
  5716 | D:4      | Noticed Crazy Yiuf
  5782 | D:4      | Reached XP level 7. HP: 41/41 MP: 12/12
  6030 | D:4      | Killed Edmund
  6429 | D:5      | Entered Level 5 of the Dungeon
  6748 | D:5      | Found a stormy altar of Qazlal.
  6759 | D:5      | Reached skill level 5 in Dodging
  6759 | D:5      | Reached XP level 8. HP: 44/48 MP: 11/14
  6761 | D:5      | Noticed Pikel
  7020 | D:5      | Killed Pikel
  7020 | D:5      | Reached skill level 5 in Short Blades
  7020 | D:5      | Reached skill level 5 in Hexes
  8126 | D:6      | Noticed Grinder
  8245 | D:6      | Reached skill level 6 in Dodging
  8245 | D:6      | Reached XP level 9. HP: 40/53 MP: 9/15
  8250 | D:6      | Learned a level 3 spell: Confuse
  8254 | D:6      | Learned a level 3 spell: Tukima's Dance
  8283 | D:6      | Reached skill level 5 in Fighting
  8580 | D:6      | Got a warped robe
  8892 | D:6      | Killed Grinder
  9142 | D:6      | Noticed Eustachio
  9155 | D:6      | Killed Eustachio
  9155 | D:6      | Reached skill level 7 in Dodging
  9302 | D:6      | Found a glowing golden altar of the Shining One.
  9627 | D:6      | Identified the cursed +1 robe "Fixyunad" {rN+ MR+ Int+3}
                  | (You found it on level 6 of the Dungeon)
  9629 | D:7      | Found a staircase to the Ecumenical Temple.
  9640 | Temple   | Entered the Ecumenical Temple
  9669 | Temple   | Became a worshipper of Ashenzari the Shackled
 10125 | D:7      | Reached XP level 10. HP: 60/60 MP: 3/16
 10205 | D:7      | Found a hazy altar of Hepliaklqana.
 10946 | D:7      | Reached skill level 5 in Spellcasting
 10946 | D:7      | Reached skill level 5 in Ice Magic
 11119 | D:8      | Reached skill level 8 in Dodging
 11343 | D:8      | Noticed Grum
 11388 | D:8      | Killed Grum
 11410 | D:8      | Found a shadowy altar of Dithmenos.
 11412 | D:8      | Found an ancient bone altar of Kikubaaqudgha.
 11450 | D:8      | Noticed Joseph
 11560 | D:8      | Killed Joseph
 11764 | D:8      | Found a staircase to the Lair.
 11809 | D:8      | Reached * piety under Ashenzari
 12192 | D:8      | Found a white marble altar of Elyvilon.
 13294 | D:9      | Reached XP level 11. HP: 63/68 MP: 14/19
 13545 | D:10     | Entered Level 10 of the Dungeon
 13660 | D:10     | Reached skill level 9 in Dodging
 14072 | D:10     | Found a staircase to the Orcish Mines.
 14749 | D:10     | Noticed Nergalle
 14761 | D:10     | Killed Nergalle
 14761 | D:10     | Reached skill level 10 in Short Blades
 14939 | D:10     | Noticed a two-headed ogre
 14960 | D:10     | Killed a two-headed ogre
 15576 | D:10     | Killed an unseen horror
 15841 | D:9      | Reached skill level 5 in Stealth
 16104 | D:10     | Noticed a two-headed ogre
 16113 | D:10     | Killed a two-headed ogre
 16113 | D:10     | Reached skill level 10 in Dodging
 16475 | D:11     | Reached XP level 12. HP: 76/76 MP: 19/23
 17166 | D:11     | Noticed a five-headed hydra
 17232 | D:11     | Killed a five-headed hydra
 17931 | D:12     | Reached ** piety under Ashenzari
 18244 | D:12     | Learned a level 3 spell: Dazzling Spray
 18249 | D:12     | Learned a level 4 spell: Leda's Liquefaction
 18361 | D:12     | Reached skill level 11 in Dodging
 18378 | D:12     | Noticed a five-headed hydra
 18503 | D:12     | Reached skill level 10 in Fighting
 18570 | D:12     | Reached skill level 1 in Conjurations
 18570 | D:12     | Reached skill level 1 in Earth Magic
 18660 | D:12     | Noticed a queen ant
 18668 | D:12     | Noticed an entropy weaver
 19230 | D:12     | Killed an entropy weaver
 19309 | D:12     | HP: 5/115 [poisoned by a queen ant]
 19314 | D:12     | HP: 4/115 [poisoned by a queen ant]
 19321 | D:12     | HP: 3/115 [poisoned by a queen ant]
 19328 | D:12     | HP: 3/115 [poisoned by a queen ant]
 19336 | D:12     | HP: 3/115 [poisoned by a queen ant]
 19428 | D:12     | Noticed an entropy weaver
 19818 | D:12     | Killed an entropy weaver
 19818 | D:12     | Reached XP level 13. HP: 72/82 MP: 17/25
 19984 | D:12     | HP: 3/82 [poisoned by a queen ant]
 19987 | D:12     | HP: 1/123 [poisoned by a queen ant]
 19988 | D:12     | Succumbed to a queen ant's poison

Levels and vault maps discovered:
D:1:      dpeg_arrival_connections, layout_basic, serial_bayou_lagoon_a,
          minmay_stone_trees_medium
D:2:      minmay_kobold_bridge, layout_basic, lemuel_round_altar,
          nicolae_ru_great_annihilating_truth, fedhas_altar_1
D:3:      layout_loops_ring, first_ration, minmay_goblin_kobold_house
D:4:      layout_cave_pools, nicolae_overflow_hidden_temple,
          cheibrodos_sewer_entry_bend, minmay_manual_mares, uniq_edmund,
          uniq_crazy_yiuf_cottage
D:5:      layout_gridville, grunt_qazlal_clouds, uniq_pikel
D:6:      layout_cave_pools, tso_oasis_becter, kennysheep_boxes, uniq_grinder,
          uniq_eustachio
D:7:      layout_basic, kennysheep_little_box, minmay_temple_entry_offerings
D:8:      layout_loops_ring, lemuel_round_altar, minitemple, lair_entry_dummy,
          kennysheep_generic_room_7, uniq_grum, uniq_joseph
D:9:      layout_cave_pods
D:10:     layout_irregular_city, orc_0_dummy, uniq_nergalle
D:11:     layout_loops_cross, the_bakery
D:12:     layout_gridville, minivault_29, uniq_frances
Temple:   minmay_temple_bridge_abc

Skill      XL: |  1  2  3  4  5  6  7  8  9 10 11 12 |
---------------+-------------------------------------+-----
Short Blades   | 2 3 4 6 7 9 10 | 10.0
Fighting       | 1 2 3 4 6 7 9 10 | 10.3
Dodging        | 3 4 5 6 7 8 10 11 | 11.3
Spellcasting   | 3 4 5 7 8 |  8.3
Hexes          | 4 5 6 7 8 |  8.0
Ice Magic      | 2 4 5 6 |  6.0
Stealth        | 5 8 |  8.9
Conjurations   | 2 |  2.4
Earth Magic    | 2 |  2.4

Action                   |  1- 3 |  4- 6 |  7- 9 | 10-12 | 13-15 || total
-------------------------+-------+-------+-------+-------+-------++-------
Melee: Dagger            |   571 |   250 |   391 |   667 |     5 ||  1884
Throw: Dart              |       |     4 |     3 |    21 |     1 ||    29
 Cast: Corona            |    14 |    24 |    15 |    12 |     2 ||    67
       Ensorcelled Hiber |     2 |    17 |    56 |   179 |     6 ||   260
       Confuse           |       |       |    32 |    82 |     6 ||   120
       Leda's Liquefacti |       |       |       |     1 |       ||     1
Evoke: Wand              |       |       |     2 |     1 |       ||     3
  Use: Potion            |     1 |     2 |     1 |    10 |     2 ||    16
       Scroll            |       |    11 |     2 |     6 |       ||    19
 Stab: Sleeping          |     4 |     9 |    21 |   115 |     2 ||   151
       Confused          |       |       |    16 |    39 |     1 ||    56
  Eat: Chunk             |     9 |    16 |    19 |    27 |       ||    71
Armor: Robe              |    13 |    54 |    28 |    22 |       ||   117
       Skin              |       |       |       |    20 |       ||    20
Dodge: Dodged            |    46 |   287 |   259 |   498 |     9 ||  1099
